[Event "Early-Titled-Tuesday-Blitz-April-02-2024"]
[Site "Chess.com"]
[Date "2024.04.02"]
[Round "4"]
[White "manitodeplomo"]
[Black "MusicCityMaster"]
[Result "1-0"]
[WhiteElo "2656"]
[BlackElo "2430"]
[TimeControl "180+1"]
[EndTime "8:39:23 PDT"]
[Termination "manitodeplomo won by resignation"]

1. d4 Nf6 2. c4 c5 3. d5 b5 4. Qc2 e6 5. e4 bxc4 6. Nc3 Bb7 7. Bxc4 exd5 8. exd5 d6 9. Nge2 Be7 10. O-O O-O 11. a3 Nbd7 12. Ba2 Nb6 13. Rd1 Re8 14. h3 h6 15. Ng3 Bf8 16. Nf5 Qd7 17. Bf4 Ne4 18. Ne3 f5 19. a4 Ba6 20. a5 Nc8 21. Bb3 Nxc3 22. bxc3 Re4 23. Bh2 Rb8 24. Ba4 Bb5 25. Bxb5 Rxb5 26. Re1 g6 27. f3 Re8 28.
Nc4 Bg7 29. Kf1 Re7 30. Rxe7 Qxe7 31. Re1 Qd7 32. Re6 Qb7 33. Rxg6 Qxd5 34. Nxd6 Nxd6 35. Bxd6 Kh7 36. c4 Qd4 37. Rxg7+ Kxg7 38. cxb5 Qxd6 39.
Qb2+ Kg6 40. b6 axb6 41. axb6 Qd3+ 42. Kf2 c4 43. b7 c3 44. Qb6+ Kg5 45. b8=Q Qd2+ 46.
Kg1 Qe1+ 47. Kh2 Qe5+ 48. Qxe5 1-0

[Event "Early-Titled-Tuesday-Blitz-April-02-2024"]
[Site "Chess.com"]
[Date "2024.04.02"]
[Round "4"]
[White "guillembaches"]
[Black "GGuseinov"]
[Result "1-0"]
[WhiteElo "2561"]
[BlackElo "2886"]
[TimeControl "180+1"]
[EndTime "8:39:23 PDT"]
[Termination "guillembaches won on time"]

1. d4 Nf6 2. Nf3 g6 3. Bg5 Bg7 4. Nbd2 O-O 5. e3 b6 6. Be2 Bb7 7. O-O d6 8. c3 Nbd7 9. b4 e5 10. h3 Qe7 11. Qb3 h6 12. Bh4 g5 13. Bg3 Ne4 14.
Nxe4 Bxe4 15. Nd2 Bb7 16. Bg4 Nf6 17. Bf5 e4 18. c4 Rae8 19. Rac1 Nh5 20. Bh2 Bh8 21.
c5 Ng7 22. Bg4 Kh7 23. cxd6 cxd6 24. Nc4 Rd8 25. b5 f5 26. Be2 f4 27. Bd1 f3 28. Qb4 Nf5 29. g4 Qf6 30. Nxd6 Nxd6 31. Rc7+ Rf7 32. Bxd6 Rxc7 33. Bxc7 Rc8 34. Be5 Qf8 35.
Qb2 Bxe5 36. dxe5 Qc5 37. Bb3 Qc3 38. Qb1 Qxe5 39. Rc1 Rd8 40. Rd1 Rd6 41. Qc1 Kg6 42. Rxd6+ Qxd6 43. Qb2 Qf6 44. Qd2 Qa1+ 45. Kh2 Qe5+ 46.
Kg1 1-0

[Event "Early-Titled-Tuesday-Blitz-April-02-2024"]
[Site "Chess.com"]
[Date "2024.04.02"]
[Round "4"]
[White "Ralf61"]
[Black "LuisFSiles"]
[Result "0-1"]
[WhiteElo "2526"]
[BlackElo "2364"]
[TimeControl "180+1"]
[EndTime "8:39:23 PDT"]
[Termination "LuisFSiles won on time"]

1. Nf3 Nf6 2. c4 g6 3. Nc3 d5 4. cxd5 Nxd5 5. Qa4+ c6 6. Qd4 Nf6 7. Qxd8+ Kxd8 8. d4 Bg7 9. e4 Nfd7 10. Be3 e5 11.
O-O-O exd4 12. Bxd4 Bxd4 13. Rxd4 f6 14. h4 h5 15. e5 fxe5 16. Nxe5 Rg8 17. Bc4 Rg7 18. Re1 Kc7 19. Nf3 Nf6 20. Ng5 b5 21. Bb3 Na6 22.
Rf4 Bf5 23. Be6 Re7 24. Re3 Ng4 25. Re2 Rae8 26. Bxf5 Rxe2 27. Nxe2 Rxe2 28. Bxg4 hxg4 29. Ne4 Nb4 30. Rxg4 Nxa2+ 31. Kb1 Nb4 32. b3 a5 33. f3 a4 34. bxa4 bxa4 35. Nc3 Re1+ 36. Kb2 Nd3+ 37. Kc2 Ne5 38. Rxa4 Rg1 39. g4 Nxf3 40. g5 c5 41. Rf4 Nd4+ 42. Kd3 Rg3+ 43. Kd2 Rh3 44. Rf7+ Kd6 45.
Rf6+ Ke5 46. Rxg6 Rxh4 47. Rg8 Rg4 48. g6 Ne6 49. Kc2 c4 50. Kb2 Kf6 0-1

[Event "Early-Titled-Tuesday-Blitz-April-02-2024"]
[Site "Chess.com"]
[Date "2024.04.02"]
[Round "4"]
[White "ActorXu"]
[Black "GP9isback23"]
[Result "1-0"]
[WhiteElo "2849"]
[BlackElo "2601"]
[TimeControl "180+1"]
[EndTime "8:39:25 PDT"]
[Termination "ActorXu won on time"]

1. e4 c5 2. Nf3 e6 3. d4 cxd4 4. Nxd4 Nf6 5. Nc3 Nc6 6. Nxc6 bxc6 7. e5 Nd5 8. Ne4 Qc7 9. f4 Qb6 10. c4 Bb4+ 11. Ke2 f5 12. Nf2 Ne7 13. Be3 Bc5 14.
Bxc5 Qxc5 15. Qa4 g5 16. Nd3 Qd4 17. fxg5 Ng6 18. Qc2 Ba6 19. Rc1 Nxe5 20. b3 Ng4 21. Qd2 Qe4+ 22. Kd1 Ne3+ 23. Ke1 Nxc4+ 24. Qe2 Qxe2+ 25.
Bxe2 Ne3 26. Kf2 Bxd3 27. Bxd3 Nd5 28. g3 Ke7 29. h4 a5 30. Rhe1 a4 31. Kf3 axb3 32.
axb3 Ra3 33. Rb1 Rb8 34. Kg2 Rbxb3 35. Rxb3 Rxb3 36. Bb1 Ne3+ 37. Kf2 Ng4+ 38. Kg2 Rb2+ 39. Kg1 Kf7 40. Bd3 Rd2 41. Be2 c5 42. Kf1 Rd4 43. Ra1 Kg7 44. Ra7 h6 45. gxh6+ Kxh6 46. Rc7 c4 47. Ke1 Ne3 48. Kf2 Nd5 49. Rxd7 c3 50.
Rd6 1-0

[Event "Early-Titled-Tuesday-Blitz-April-02-2024"]
[Site "Chess.com"]
[Date "2024.04.02"]
[Round "4"]
[White "SaiAgni_98"]
[Black "LikeWater"]
[Result "1-0"]
[WhiteElo "2518"]
[BlackElo "2657"]
[TimeControl "180+1"]
[EndTime "8:39:25 PDT"]
[Termination "SaiAgni_98 won by checkmate"]

1. c4 Nf6 2. g3 g6 3. Bg2 Bg7 4. Nc3 O-O 5. Nf3 d6 6. O-O Nc6 7. Rb1 a5 8. a3 e5 9. d3 h6 10.
b4 Bg4 11. b5 Ne7 12. Nd2 Qc8 13. Re1 Bh3 14. Bh1 Nd7 15. Nd5 Nxd5 16. Bxd5 Kh7 17.
a4 f5 18. Ba3 Nf6 19. Bh1 e4 20.
dxe4 Ng4 21. exf5 Qxf5 22. Nf3 Rae8 23. Qd5 Re5 24. Qd3 Qf7 25. Bb2 Rf5 26. Bxg7 Qxg7 27. b6 Ne5 28. Nxe5 Qxe5 29. f4 Rxf4 30. gxf4 Rxf4 31.
Bf3 Qg5+ 32. Kh1 Bf5 33. Qe3 Qh4 34. Rg1 h5 35. Rg3 Bxb1 36. bxc7 Bf5 37. Qe8 Re4 38. Qf7+ Kh6 39. Qf8+ Kh7 40. Qxf5 gxf5 41. c8=Q Re7 42. Qg8+ Kh6 43. Qg6# 1-0

[Event "Early-Titled-Tuesday-Blitz-April-02-2024"]
[Site "Chess.com"]
[Date "2024.04.02"]
[Round "4"]
[White "Suduvasachmatai"]
[Black "esrosenberg"]
[Result "1-0"]
[WhiteElo "2318"]
[BlackElo "2497"]
[TimeControl "180+1"]
[EndTime "8:39:26 PDT"]
[Termination "Suduvasachmatai won on time"]

1. e4 c5 2. c3 Nf6 3. e5 Nd5 4. d4 cxd4 5. Nf3 d6 6. cxd4 e6 7.
Bc4 Be7 8. O-O O-O 9. Re1 Nc6 10. Bxd5 exd5 11. Nc3 Be6 12. Bf4 Rc8 13. Rc1 a6 14. Qd2 dxe5 15. Nxe5 Bf6 16. Rcd1 Na5 17. b3 Nc6 18.
Ne2 Qb6 19. Ng3 Be7 20. Nh5 g6 21. Ng3 Bb4 22. Qe3 Bxe1 23. Bh6 Bb4 24. Bxf8 Bxf8 25. h4 Nxe5 26. Qxe5 Bg7 27. Qf4 h5 28. Ne2 Rc2 29.
Rd2 Rxd2 30. Qxd2 Bg4 31. f3 Be6 32. Qf4 Qb4 33. Kh2 Qe1 34. Ng3 Qa1 35. Ne2 Qxa2 36. Ng1 Qxb3 37. g4 hxg4 38. fxg4 Qb2+ 39. Kg3 Qxd4 40.
Qb8+ Kh7 41. Nf3 Qe3 42. Kg2 d4 43. Ng5+ Kh6 44. Nxe6 fxe6 45. Qg8 1-0

[Event "Early-Titled-Tuesday-Blitz-April-02-2024"]
[Site "Chess.com"]
[Date "2024.04.02"]
[Round "4"]
[White "amelia91"]
[Black "MaxLeto"]
[Result "0-1"]
[WhiteElo "2099"]
[BlackElo "2476"]
[TimeControl "180+1"]
[EndTime "8:39:26 PDT"]
[Termination "MaxLeto won by resignation"]

1. e4 c5 2. c3 Nf6 3. e5 Nd5 4.
d4 cxd4 5. cxd4 b6 6. Nc3 Nxc3 7. bxc3 Bb7 8. Nf3 e6 9. Bd3 d6 10. O-O Nd7 11. Bg5 Qc7 12. exd6 Bxd6 13. Bd2 O-O-O 14. h3 g5 15. Qe2 Rdg8 16. Ba6 g4 17. hxg4 Rxg4 18.
Bxb7+ Qxb7 19. Kh1 h5 20. Rfb1 Rhg8 21. Rg1 h4 22. a4 Nf6 23. a5 Ne4 24. axb6 axb6 25.
Be3 h3 26. gxh3 Rxg1+ 27. Rxg1 Rxg1+ 28. Kxg1 Nxc3 29. Qc4+ Kb8 30. Ne5 Bxe5 31. dxe5 Nd5 32. Bh6 Qd7 33. Bf8 Kb7 34. Bd6 Qd8 35. Qg4 f5 36.
Qg7+ Kc6 37. Qf8 Qxf8 38. Bxf8 Nf4 39. Kh2 Ng6 40. Ba3 Nxe5 41. Kg3 Kd5 42. h4 Nf7 43. h5 b5 44. Bf8 Kc4 45. Kf4 b4 46. h6 b3 47. h7 b2 48. Bg7 b1=Q 49.
h8=Q Qe4+ 50. Kg3 Nxh8 51. Bxh8 Qg4+ 52. Kh2 f4 53. Be5 f3 54. Bg3 Qh5+ 55. Kg1 Qh3 0-1

[Event "Early-Titled-Tuesday-Blitz-April-02-2024"]
[Site "Chess.com"]
[Date "2024.04.02"]
[Round "4"]
[White "JimDiGrease"]
[Black "wadsy27"]
[Result "1-0"]
[WhiteElo "2957"]
[BlackElo "2612"]
[TimeControl "180+1"]
[EndTime "8:39:27 PDT"]
[Termination "JimDiGrease won by resignation"]

1. d4 Nf6 2. c4 c5 3. d5 e6 4. Bf4 exd5 5. cxd5 d6 6. e4 a6 7. Bd3 b5 8. Nf3 Bg4 9. Nbd2 Nbd7 10. O-O h6 11. a4 c4 12. Be2 g5 13. Bg3 Bxf3 14. Nxf3 Nxe4 15. Re1 Be7 16. Qd4 Ndf6 17. Bxc4 Nxg3 18.
Qxf6 O-O 19. Qxe7 Qxe7 20. Rxe7 Nf5 21. Rc7 bxc4 22. Rxc4 a5 23. Nd2 Rfb8 24. b3 Ne7 25. Rd4 Rb4 26. Rxb4 axb4 27. Ne4 Nxd5 28. Nxd6 Nc3 29.
Nc4 Ne2+ 30. Kf1 Nd4 31. Nd2 Kf8 32. Rc1 Rd8 33. Rc4 Ke7 34. Rxb4 Nc6 35. Re4+ Kd6 36. Rc4 Kc7 37. Ne4 Kb6 38. Nc3 Na5 39. Rb4+ Ka6 40. Rb5 Rd3 41. Nd5 Rxb3 42. Nb4+ Ka7 43. Rxa5+ Kb6 44.
Rb5+ Ka7 45. a5 Ka8 46. a6 f5 47. Rb7 f4 48. Nd5 1-0

[Event "Early-Titled-Tuesday-Blitz-April-02-2024"]
[Site "Chess.com"]
[Date "2024.04.02"]
[Round "4"]
[White "GnowReopard"]
[Black "Orest_Vovk"]
[Result "1-0"]
[WhiteElo "2763"]
[BlackElo "2578"]
[TimeControl "180+1"]
[EndTime "8:39:28 PDT"]
[Termination "GnowReopard won on time"]

1. c4 g5 2. d4 h6 3. Nc3 Bg7 4. e4 c5 5. Nge2 Nc6 6. Be3 cxd4 7. Nxd4 Qa5 8. Be2 d6 9. Qd2 Nf6 10. f3 Bd7 11. O-O Qe5 12. Rad1 Nh5 13. Ncb5 Nf4 14. Nxc6 Bxc6 15. Bd4 Qxd4+ 16. Nxd4 Bxd4+ 17. Kh1 Be5 18. b4 b6 19. c5 Nxe2 20. Qxe2 dxc5 21. bxc5 b5 22. Rd5 Bc7 23. Rfd1 a5 24. g3 a4 25. a3 f6 26. Kg2 h5 27. h3 h4 28. g4 Bf4 29.
Qb2 Rb8 30. Rf5 Bg3 31. Rxg5 Kf7 32. Rf5 Rhd8 33. Rxd8 Rxd8 34. g5 Rg8 35. Kf1 Bd7 36.
gxf6 Bxf5 37. exf5 exf6 38. Qxb5 Re8 39. Qd7+ Re7 40. Qd5+ Kg7 41. Qd2 Rc7 42. c6 Kf7 43. Qd5+ Ke7 44. Qe6+ Kf8 45. Qxf6+ Ke8 46. Qe6+ Kf8 47.
f6 1-0

[Event "Early-Titled-Tuesday-Blitz-April-02-2024"]
[Site "Chess.com"]
[Date "2024.04.02"]
[Round "4"]
[White "A-Fier"]
[Black "MarkusRagger"]
[Result "1/2-1/2"]
[WhiteElo "2900"]
[BlackElo "2716"]
[TimeControl "180+1"]
[EndTime "8:39:29 PDT"]
[Termination "Game drawn by repetition"]

1. d4 Nf6 2. Bg5 d5 3. e3 c5 4.
Bxf6 gxf6 5. Nc3 cxd4 6. exd4 Nc6 7. Qh5 e6 8. Nf3 Bd7 9. Bd3 Qb6 10. Rb1 Nxd4 11.
O-O Nxf3+ 12. Qxf3 Bg7 13. Rfe1 O-O 14. Re3 f5 15. Qh5 Qd4 16. Rg3 Kh8 17. Re1 Qf6 18. Rh3 Qg6 19. Qd1 Rg8 20. Bf1 Bc6 21. Ne2 e5 22.
Ng3 f4 23. Nh5 Bd7 24. Rh4 Be6 25. Bd3 Qg5 26. g3 e4 27. Nxf4 exd3 28. Qxd3 Qf5 29. Rxe6 Qxd3 30. cxd3 Bxb2 31. Reh6 Rg7 32. Nxd5 Rd8 33.
Ne3 Rxd3 34. Nf5 Rg5 35. Rxh7+ Kg8 36. Ne3 Bd4 37. Kg2 Bxe3 38. Rh8+ Kg7 39. fxe3 Rxe3 40. Rb8 Re2+ 41. Kf3 Rb2 42. Rhh8 Ra5 43. h4 Ra3+ 44. Kg4 Rg2 45. Rbg8+ Kf6 46. Kh3 Rgxa2 47. h5 Ra1 48. h6 Rh1+ 49. Kg4 Ra4+ 50. Kf3 Ra3+ 51. Kg2 Raa1 52.
Rd8 Rag1+ 53. Kf3 Kg5 54. Rd5+ f5 55. Rd7 Rf1+ 56. Ke2 Re1+ 57. Kf2 Rhf1+ 58. Kg2 Rg1+ 59. Kf2 Rgf1+ 60. Kg2 Rg1+ 61. Kf2 Rgf1+ 1/2-1/2

[Event "Early-Titled-Tuesday-Blitz-April-02-2024"]
[Site "Chess.com"]
[Date "2024.04.02"]
[Round "4"]
[White "IsaqueGoncalvesSanto"]
[Black "mertfelin"]
[Result "0-1"]
[WhiteElo "1906"]
[BlackElo "2278"]
[TimeControl "180+1"]
[EndTime "8:39:31 PDT"]
[Termination "mertfelin won on time"]

1. d4 d5 2. c4 e6 3. Nc3 Be7 4. Nf3 Nf6 5. Bf4 O-O 6. e3 b6 7. cxd5 Nxd5 8. Nxd5 Qxd5 9. a3 Ba6 10. Bxc7 Bxf1 11. Kxf1 Qc4+ 12. Kg1 Qxc7 13. Rc1 Qd6 14. Qa4 a5 15. Ne5 Bf6 16. Nc4 Rc8 17. h3 Qd7 18. Qd1 Qc7 19. Rc3 Qd8 20. Qb3 Nd7 21. Kh2 e5 22. d5 e4 23. Rcc1 Rab8 24. Qb5 Nc5 25.
d6 Nd3 26. Rc2 Rc5 27. Qa6 Ne5 28. Rd1 Nxc4 29. Rxc4 Rxc4 30. Qxc4 Be5+ 31. Kg1 Bxb2 32. Qc7 Bxa3 33. Qc4 b5 34. Qxe4 h6 35. d7 Be7 36.
Qc6 b4 37. Rc1 b3 38. Rb1 b2 39. g3 Bf6 40. f4 Rb6 41. Qa4 Rd6 42. Rxb2 Bxb2 0-1

[Event "Early-Titled-Tuesday-Blitz-April-02-2024"]
[Site "Chess.com"]
[Date "2024.04.02"]
[Round "4"]
[White "szachmistrz2500"]
[Black "nikitakhoroshev"]
[Result "1-0"]
[WhiteElo "2429"]
[BlackElo "2580"]
[TimeControl "180+1"]
[EndTime "8:39:32 PDT"]
[Termination "szachmistrz2500 won by resignation"]

1. d4 d5 2. c3 Nf6 3. Bf4 Bf5 4.
Nf3 e6 5. e3 a6 6. Nbd2 Bd6 7. Bg3 O-O 8. Be2 c5 9. Nh4 Bg6 10.
Nxg6 hxg6 11. O-O Bxg3 12. hxg3 cxd4 13. cxd4 Nc6 14. Nb3 Qd6 15. Rc1 Rac8 16. a3 Ne4 17. Bd3 Ne7 18. Qe2 Qb6 19. Na1 Nf5 20. Bxe4 dxe4 21.
Rc2 Rxc2 22. Qxc2 Nd6 23. Qc5 Qxc5 24. dxc5 Nc4 25. Rc1 Nxb2 26. Rb1 Nd3 27. Rxb7 Nxc5 28. Rc7 Nd3 29. Nb3 Rb8 30. Rc3 a5 31. f3 a4 32.
Nc5 Rb1+ 33. Kh2 Nf2 34. g4 exf3 35. gxf3 Rb2 36. Kg3 Nd1 37. Rd3 Nf2 38. Rd8+ Kh7 39. Nxa4 Ra2 40. Nc5 Nh1+ 41. Kf4 Rxa3 42. Nd7 Ra4+ 43. e4 Nf2 44. Nf8+ Kh6 45. Nxe6 Nd3+ 46. Rxd3 fxe6 47. g5+ Kh7 48. Rd8 Ra5 49. Re8 Ra6 50. Ke5 Ra3 51. f4 Ra5+ 52. Kxe6 Ra6+ 53. Kd5 Ra5+ 54. Ke6 Ra6+ 55. Kf7 Ra7+ 56. Re7 Ra6 57. f5 Ra8 58. fxg6+ Kh8 59. Re8+ Rxe8 60. Kxe8 Kg8 61. e5 1-0

[Event "Early-Titled-Tuesday-Blitz-April-02-2024"]
[Site "Chess.com"]
[Date "2024.04.02"]
[Round "4"]
[White "GolfBeforeChess"]
[Black "Predo63"]
[Result "0-1"]
[WhiteElo "2308"]
[BlackElo "2520"]
[TimeControl "180+1"]
[EndTime "8:39:32 PDT"]
[Termination "Predo63 won by resignation"]

1. Nf3 d5 2. b3 c6 3. Bb2 Nf6 4. g3 Bf5 5. Bg2 h6 6. d3 e6 7. O-O Be7 8. Nbd2 O-O 9. c4 Nbd7 10. Rc1 Bh7 11. Rc2 a5 12. a3 Qb6 13. Qa1 Ne8 14.
Ne5 Nxe5 15. Bxe5 Bf6 16. Bxf6 Nxf6 17. Qb2 Rfd8 18. b4 axb4 19. axb4 Ra7 20. Rb1 Rda8 21. b5 Qd8 22. bxc6 bxc6 23. Nf3 Bg6 24. Ne5 c5 25.
Nxg6 fxg6 26. cxd5 exd5 27. Qb5 Ra1 28. Rxc5 Rxb1+ 29. Qxb1 Kh7 30. h3 Qe7 31. Rc2 Rd8 32. Bf3 Qe6 33. Kg2 Rd7 34. Qc1 d4 35. Rc6 Qe7 36.
Qc5 Qd8 37. Qe5 Re7 38. Re6 Rd7 39. Be4 Qf8 40. h4 h5 41. Rxf6 Qxf6 42. Qxh5+ Kg8 43.
Qxg6 Qxg6 44. Bxg6 Kf8 45. Be4 Ke7 46. f4 Kf6 47. g4 Rc7 48. Kf3 Rc1 49. g5+ Ke6 50.
Kg4 Rf1 51. Bf3 Ra1 52. h5 Rg1+ 53. Kh4 Kf5 54. h6 gxh6 55. gxh6 Kg6 56. Bg4 Kxh6 57.
Bf5 Kg7 58. Be4 Kf6 59. Kh3 Rg7 60. Kh2 Rg4 61. Kh3 Rxf4 62. Kg3 Ke5 63. Bf3 Rf8 64. Be4 Rh8 65. Bf3 Rg8+ 66. Kf2 Kf4 67. Be4 Rh8 68. Bf3 Rh2+ 69. Kg1 Rh4 70. Kg2 Ke3 71. Kg3 Rh8 72. Kg2 Rg8+ 73. Kf1 Rg7 74. Bh5 Rg8 75. Bf3 Rg5 76. Bg2 Ra5 77. Bf3 Ra1+ 78. Kg2 Re1 79. Kg3 Rxe2 0-1

[Event "Early-Titled-Tuesday-Blitz-April-02-2024"]
[Site "Chess.com"]
[Date "2024.04.02"]
[Round "4"]
[White "Mikhail_Bryakin"]
[Black "sebsep"]
[Result "0-1"]
[WhiteElo "2895"]
[BlackElo "2626"]
[TimeControl "180+1"]
[EndTime "8:39:33 PDT"]
[Termination "sebsep won by checkmate"]

1. e4 e5 2. Nf3 Nc6 3. Nc3 Nf6 4.
Bb5 Bd6 5. O-O O-O 6. d3 a6 7. Ba4 h6 8. h3 Re8 9. Be3 Bf8 10.
a3 d5 11. exd5 Nxd5 12. Nxd5 Qxd5 13. Bb3 Qd8 14. Qe2 Be6 15. Bxe6 Rxe6 16. Rfe1 Qf6 17.
Rad1 Rae8 18. Nd2 Qg6 19. Qg4 f5 20. Qxg6 Rxg6 21. f3 Rge6 22. Kf1 Kf7 23. g4 g6 24. Nb3 b6 25. Bf2 h5 26. Re2 a5 27. c3 Rd8 28. Nc1 Be7 29. Rde1 Bf6 30. Be3 Ne7 31. g5 Bg7 32. h4 Nc8 33. Bf4 Rde8 34. d4 exf4 35.
Kf2 Bf8 36. Rxe6 Rxe6 37. Rd1 Bd6 38. Nd3 b5 39. a4 bxa4 40. c4 c6 41. Ra1 Re3 42. Nc1 a3 43. b3 Bb4 44. Ra2 Nb6 45.
Ra1 Nd7 46. Ra2 Nf8 47. Ra1 Ne6 48. Ne2 Rxb3 49. d5 cxd5 50. cxd5 Bc5+ 51. Kf1 Nd4 52.
Nc1 Rxf3+ 53. Kg2 Rg3+ 54. Kf1 Ke7 55. Ra2 Kd6 56. Ra1 Kxd5 57. Rb1 f3 58. Nd3 Ne2 59. Nxc5 Rg1+ 60. Kf2 Rxb1 61. Nd3 a2 62. Nf4+ Ke4 63.
Ne6 Rf1+ 64. Kxf1 a1=Q+ 65. Kf2 Qg1# 0-1

[Event "Early-Titled-Tuesday-Blitz-April-02-2024"]
[Site "Chess.com"]
[Date "2024.04.02"]
[Round "4"]
[White "Balla_Tamas"]
[Black "Boundless_Strike"]
[Result "0-1"]
[WhiteElo "2470"]
[BlackElo "2670"]
[TimeControl "180+1"]
[EndTime "8:39:33 PDT"]
[Termination "Boundless_Strike won by resignation"]

1. e4 e5 2. Nf3 d6 3. d4 Bg4 4. dxe5 Nc6 5. Be2 Qd7 6. Nc3 O-O-O 7. Be3 dxe5 8. O-O Nf6 9. h3 Bh5 10. Qc1 Nd4 11. Bxd4 exd4 12. Nb5 Bxf3 13. gxf3 a6 14. Na3 Qxh3 15. Qf4 Rd5 16. Qg3 Qxg3+ 17. fxg3 Rg5 18. Kf2 Bxa3 19. bxa3 Rc5 20. Bd3 Nd7 21. Rab1 Rd8 22. Rb4 Ne5 23. Rfb1 Nxd3+ 24. cxd3 Rc2+ 25. Kg1 b6 26. R1b2 Rc3 27. Rc4 Rxc4 28. dxc4 Kb7 29. Kf2 Kc6 30. Ke2 d3+ 31. Ke3 Kc5 32. Kd2 Kxc4 33. Rb4+ Kc5 34. Rb3 b5 35. f4 c6 36.
a4 h6 37. axb5 axb5 38. Ra3 Rd7 39. Ra8 Kd4 40. e5 c5 41. Ra3 c4 42. g4 b4 43.
Ra4 c3+ 44. Kc1 d2+ 45. Kc2 Kc4 46. Kd1 c2+ 47. Kxc2 d1=Q+ 48. Kb2 0-1

[Event "Early-Titled-Tuesday-Blitz-April-02-2024"]
[Site "Chess.com"]
[Date "2024.04.02"]
[Round "4"]
[White "KarolKacprzak"]
[Black "GMKrikor"]
[Result "0-1"]
[WhiteElo "2736"]
[BlackElo "2916"]
[TimeControl "180+1"]
[EndTime "8:39:34 PDT"]
[Termination "GMKrikor won by resignation"]

1. e4 c5 2. Nf3 Nc6 3. d4 cxd4 4. Nxd4 Nf6 5. Nc3 e5 6. Ndb5 d6 7. Na3 Be6 8. Nc4 Rc8 9. Ne3 Nd4 10. Bd3 Be7 11. O-O O-O 12. Ncd5 Nxd5 13. exd5 Bd7 14. a4 g6 15. c3 Nf5 16. Bxf5 Bxf5 17. Nxf5 gxf5 18. Bh6 Re8 19. Qh5 Qd7 20. Rfe1 Rc4 21. Re3 Rg4 22. Rf3 f4 23. Rh3 Bf6 24. Re1 Rc8 25.
Kh1 Rg6 26. g3 fxg3 27. Rxg3 Qe7 28. Reg1 Bg7 29. Bxg7 Kxg7 30. Qf5 Rf8 31. b3 e4 32.
Qf4 Re8 33. Qe3 Qe5 34. c4 f5 35. Rxg6+ hxg6 36. Qg5 Qf6 37. Qf4 Rh8 38. Rg3 Rh4 39. Qd2 Qe5 40. Kg2 Rh5 41. Rh3 Rxh3 42. Kxh3 f4 43. Kg2 e3 44. fxe3 fxe3 45. Qe2 Qe4+ 46.
Kg3 a5 47. Qf3 Qe5+ 48. Kh3 e2 49. Qg4 e1=Q 50. Qd7+ Qe7 0-1

[Event "Early-Titled-Tuesday-Blitz-April-02-2024"]
[Site "Chess.com"]
[Date "2024.04.02"]
[Round "4"]
[White "Tugrik1969"]
[Black "NikitaShnadrygin"]
[Result "0-1"]
[WhiteElo "2549"]
[BlackElo "2687"]
[TimeControl "180+1"]
[EndTime "8:39:35 PDT"]
[Termination "NikitaShnadrygin won on time"]

1. d4 d5 2. c4 Nc6 3. Nc3 dxc4 4. Nf3 Nf6 5. h3 Bf5 6. d5 Na5 7. Qa4+ c6 8. b4 b5 9. Qxa5 Qxa5 10. bxa5 b4 11.
e4 bxc3 12. exf5 cxd5 13. Ba3 Rb8 14. Be2 g6 15. fxg6 hxg6 16. O-O e6 17. Bxf8 Rxf8 18.
Rfc1 Ne4 19. Nd4 Rb2 20. Bf3 Nxf2 21. Rxc3 Ke7 22. Re1 Nd3 23. Re2 Rb1+ 24. Kh2 Kf6 25. Nc6 a6 26. a3 Rc8 27. Nb4 Nxb4 28. axb4 Rxb4 29. Rd2 Ke5 30. Re3+ Kd6 31. Rc3 Rcb8 32. Kg3 Kc5 33. Kf4 d4 34. Rc1 c3 35. Rd3 f6 36.
g4 g5+ 37. Kg3 Rd8 38. Rdxc3+ dxc3 39. Rxc3+ Kd4 40. Rc1 Ke5 41. Re1+ Kd6 42. Rd1+ Ke7 43. Rc1 Ra4 44. Rc5 Ra3 45. Rc7+ Kf8 0-1

[Event "Early-Titled-Tuesday-Blitz-April-02-2024"]
[Site "Chess.com"]
[Date "2024.04.02"]
[Round "4"]
[White "Payyappat"]
[Black "SteinerPro12"]
[Result "1-0"]
[WhiteElo "2529"]
[BlackElo "2269"]
[TimeControl "180+1"]
[EndTime "8:39:35 PDT"]
[Termination "Payyappat won on time"]

1. e4 c6 2. d4 d5 3. Nc3 dxe4 4. Nxe4 Nf6 5. Nxf6+ exf6 6. Bc4 Bd6 7. Qe2+ Qe7 8.
Qxe7+ Bxe7 9. Ne2 Nd7 10. O-O O-O 11. Bf4 Nb6 12. Bd3 Rd8 13. c3 Bd6 14. Rfe1 Be6 15. Bxd6 Rxd6 16. Ng3 Bc4 17. Nf5 Rd7 18. Bxc4 Nxc4 19.
b3 Nb6 20. Rad1 g6 21. Ne3 f5 22. g4 Nd5 23. gxf5 Nxc3 24. Rc1 Nb5 25. d5 cxd5 26. Ng4 Rd6 27. f6 Nd4 28. Re7 Nf5 29. Rxb7 h5 30.
Ne5 Rxf6 31. Rcc7 Re8 32. Nxf7 Re1+ 33. Kg2 Nh4+ 34. Kh3 Nf5 35. Rb8+ Kg7 36. Ng5+ Kh6 37. f4 Re3+ 38. Kg2 Nh4+ 39. Kf2 Rxf4+ 40. Kxe3 Kxg5 41. Rb5 Nf5+ 42. Kd3 d4 43. Rd7 Rf3+ 44. Ke4 Rc3 45. Rxd4 Re3+ 46. Kd5 h4 47. Kc4 h3 48. Rd7 Re2 49.
Rxa7 Rxh2 50. Rh7 Rh1 51. a4 h2 52. Kb4 Kg4 53. a5 Nh4 54. Rc5 Rg1 55. Rc4+ Kh3 56.
Rcxh4+ 1-0

[Event "Early-Titled-Tuesday-Blitz-April-02-2024"]
[Site "Chess.com"]
[Date "2024.04.02"]
[Round "4"]
[White "Vse_po_kaify"]
[Black "Martial2008"]
[Result "1-0"]
[WhiteElo "2495"]
[BlackElo "2629"]
[TimeControl "180+1"]
[EndTime "8:39:36 PDT"]
[Termination "Vse_po_kaify won by resignation"]

1. e4 e5 2. Nf3 Nf6 3. Nc3 Nc6 4.
Be2 d5 5. exd5 Nxd5 6. O-O Be7 7. d4 exd4 8. Nxd4 Nxc3 9. bxc3 Bd7 10. Rb1 Nxd4 11.
Qxd4 O-O 12. Rxb7 Bc6 13. Qxd8 Bxd8 14. Rb2 Bf6 15. Bd2 Rab8 16. Rfb1 Rb6 17. Be3 Rxb2 18. Rxb2 Bxc3 19. Rb3 Ba5 20. Bxa7 Ra8 21. Be3 Ba4 22. Rb7 Bxc2 23. Bc4 Be4 24. Ra7 Rxa7 25. Bxa7 Bb6 26. Bxb6 cxb6 27. f3 Bc6 28. Kf2 Kf8 29.
Ke3 Ke7 30. Kd4 f6 31. Bd3 h6 32. Be4 Bd7 33. a3 Kd6 34. f4 Bb5 35. g3 Bf1 36.
h4 Ba6 37. Bf3 Bc8 38. Be4 Be6 39. Bf3 Kc7 40. Bd5 Bd7 41. Bf3 Kd6 42. Be4 Bb5 43.
Bf3 Kc7 44. Ba8 Kb8 45. Be4 Ka7 46. Kd5 Ka6 47. Ke6 Bc4+ 48. Ke7 Kb5 49. Bc2 Kc5 50. Kf8 g5 51. Kg7 Kd4 52. Kxf6 gxf4 53. gxf4 Kc3 54. Bd1 Kd2 55. Bh5 Ke3 56. f5 Kf4 57. Bg6 Kg4 58.
h5 Bd3 59. Ke5 Kg5 60. f6 Bxg6 61. hxg6 Kxg6 62. Ke6 h5 63. f7 h4 64. f8=Q h3 1-0

[Event "Early-Titled-Tuesday-Blitz-April-02-2024"]
[Site "Chess.com"]
[Date "2024.04.02"]
[Round "4"]
[White "jk13"]
[Black "ViIIagra"]
[Result "0-1"]
[WhiteElo "2704"]
[BlackElo "2902"]
[TimeControl "180+1"]
[EndTime "8:39:38 PDT"]
[Termination "ViIIagra won by resignation"]

1. e4 d6 2. d4 Nf6 3. Nc3 e5 4.
Nf3 Nbd7 5. Bc4 Be7 6. O-O O-O 7. a4 c6 8. dxe5 Nxe5 9. Nxe5 dxe5 10. Qe2 Bg4 11.
f3 Bc5+ 12. Be3 Qb6 13. Rfe1 Bd7 14. a5 Bxe3+ 15. Qxe3 Qxe3+ 16. Rxe3 b5 17. Ba2 Rfd8 18. Rd3 Be8 19. Rad1 Rxd3 20. Rxd3 Kf8 21. b4 Rc8 22. Bb3 Ke7 23. Kf2 Nd7 24. Ke3 Nb8 25. Na2 c5 26.
bxc5 Rxc5 27. Nb4 f6 28. Kd2 Nc6 29. Na6 Rc4 30. Bxc4 bxc4 31. Ra3 Kd6 32. Kc3 Nd4 33. Ra1 Bb5 34. Nb4 Kc5 35. Nd5 f5 36. Ne3 f4 37.
Nf5 Ne2+ 38. Kd2 c3+ 39. Kd1 g6 40. Nh6 Nd4 41. Nf7 Nc6 42. Ke1 Bc4 43. Nh6 Nd4 44.
Rc1 Kb4 45. Ng4 Ka3 46. Nxe5 Ba6 47. Nd3 Bxd3 48. cxd3 Kb2 49. Rd1 c2 50. Kd2 cxd1=Q+ 51. Kxd1 Kc3 52. Kc1 a6 53. Kb1 Kxd3 54. Kb2 Kc4 55. Ka3 Kb5 56. Kb2 Kb4 57. Kc1 Kxa5 58. Kd2 Kb4 59. Kd3 Kc5 60. Kc3 a5 61. Kd3 g5 62.
Kc3 h5 63. Kd3 a4 64. Kc3 0-1

[Event "Early-Titled-Tuesday-Blitz-April-02-2024"]
[Site "Chess.com"]
[Date "2024.04.02"]
[Round "4"]
[White "Djager97"]
[Black "shanemelaughcm"]
[Result "0-1"]
[WhiteElo "2597"]
[BlackElo "2431"]
[TimeControl "180+1"]
[EndTime "8:39:38 PDT"]
[Termination "shanemelaughcm won by resignation"]

1. e4 c6 2. d4 d5 3. e5 Bf5 4. Nf3 e6 5. Be2 h6 6. O-O c5 7.
c4 Nc6 8. Nc3 dxc4 9. d5 exd5 10. Nxd5 Be6 11. Bxc4 Nge7 12. Nxe7 Qxe7 13. Qe2 O-O-O 14.
Be3 Kb8 15. Rac1 Bg4 16. h3 Bxf3 17. Qxf3 Nxe5 18. Bf4 Ka8 19. Bxe5 Qxe5 20. Rfe1 Qc7 21. b4 cxb4 22. Bxf7 Bc5 23. Qh5 Rhf8 24. Rxc5 Qxf7 25.
Qh4 Qxa2 26. Rec1 a6 27. Qxb4 Qxf2+ 28. Kh1 Rd2 29. Qe4 Re2 30. Qd5 Rd2 31. Qe4 Rd1+ 32. Rxd1 Qxc5 33. Qg4 g5 34. Qe6 Ka7 35. Qxh6 Rf2 36.
Qe6 Rxg2 37. Kxg2 Qc2+ 38. Kg3 Qxd1 39. Qe3+ Kb8 40. Qe5+ Kc8 41. Qc5+ Kd7 42. Qf5+ Kc6 43. Qg6+ Qd6+ 44. Qxd6+ Kxd6 45. Kg4 a5 46. Kxg5 a4 47.
h4 a3 48. h5 a2 49. h6 a1=Q 50.
h7 Qh8 0-1